 Dungeon Crawl Stone Soup version 0.18.1-47-g9310371 (webtiles) character file.

2081 Kisielow the Destroyer (level 9, -5/45 HPs)
             Began as a Deep Elf Conjurer on June 19, 2016.
             Was a Believer of Vehumet.
             Splashed by a jelly's acid (10 damage)
             ... on level 6 of the Dungeon.
             The game lasted 00:30:24 (7531 turns).

Kisielow the Destroyer (Deep Elf Conjurer)          Turns: 7531, Time: 00:30:25

Health: -5/45      AC:  8    Str:  7    XL:     9   Next: 6%
Magic:  0/17       EV: 13    Int: 27    God:    Vehumet [**....]
Gold:   285        SH:  0    Dex: 15    Spells: 3 memorised, 8 levels left

rFire  + . .     SeeInvis .     j - +0 mace (protect)
rCold  + . .     Gourm    .     t - +1 robe {rC+ rF+}
rNeg   . . .     Faith    .     (no shield)
rPois  .         Spirit   .     (no helmet)
rElec  .         Dismiss  .     (no cloak)
rCorr  .         Reflect  .     (no gloves)
SustAt .         Harm     .     (no boots)
MR     .....                    (no amulet)
Stlth  ++........               (no ring)
                                (no ring)

@: brilliant, not resistant to hostile enchantments, unstealthy
A: no striking features
a: Renounce Religion


You were on level 6 of the Dungeon.
You worshipped Vehumet.
Vehumet was pleased with you.
You were not hungry.

You visited 2 branches of the dungeon, and saw 8 of its levels.

You collected 285 gold pieces.

Inventory:

Hand Weapons
 j - a +0 mace of protection (weapon)
Armour
 t - a +1 robe of resistance (worn)
Wands
 q - a wand of lightning (5/15)
Scrolls
 e - 5 scrolls of enchant armour
 f - 3 scrolls of recharging
 h - 6 scrolls of remove curse
 r - 2 scrolls of enchant weapon
 u - 2 scrolls of magic mapping
Potions
 a - a potion of cure mutation
 k - a potion of might
 l - a potion of brilliance
 m - a potion of flight {unknown}
 n - 4 potions of curing
 o - a potion of agility {unknown}
 s - a potion of berserk rage {unknown}
 v - a potion of cancellation {unknown}
 x - a potion of ambrosia {unknown}
Books
 b - a book of Conjurations

   Spells                             Type                      Level
   a - Magic Dart                     Conjuration                  1
   b - Searing Ray                    Conjuration                  2
   c - Dazzling Spray                 Conjuration/Hexes            3
   d - Fulminant Prism                Conjuration/Hexes            4
   e - Iskenderun's Mystic Blast      Conjuration                  4
   f - Iskenderun's Battlesphere      Conjuration/Charms           5
Comestibles
 c - 5 bread rations
 d - 3 fruits
 g - 2 meat rations
 i - a beef jerky
 w - 6 chunks of flesh


   Skills:
 + Level 0.1 Fighting
 + Level 2.5 Dodging
 - Level 2.4 Stealth
 + Level 4.3 Spellcasting
 * Level 11.9 Conjurations
 + Level 7.4 Charms


You had 8 spell levels left.
You knew the following spells:

 Your Spells              Type           Power        Failure   Level  Hunger
a - Magic Dart            Conj           ####         1%          1    None
b - Searing Ray           Conj           ######       1%          2    None
q - Iskenderun's Battles  Conj/Chrm      ######..     1%          5    #####..


Dungeon Overview and Level Annotations

Branches:
Dungeon (7/15)             Temple (1/1) D:4

Altars:
Ashenzari
Cheibriados
Dithmenos
Elyvilon
Fedhas
Gozag
Kikubaaqudgha
Makhleb
Nemelex Xobeh
Okawaru
Pakellas
Qazlal
Ru
Sif Muna
Trog
Vehumet
Xom
Yredelemnul
Zin
The Shining One

Shops:
D:5 %


Message History

Aim: Duvessa, wielding a short sword (almost dead, berserk, fast, unusually strong)
The magic dart hits Duvessa.
You kill Duvessa!
Vehumet accepts your kill. The jelly hits you.
You are splashed with acid!
The acid burns!
* * * LOW HITPOINT WARNING * * *
Things that are here:
a spear; a robe
There is a stone staircase leading up here.
Casting: Magic Dart
Confirm with . or Enter, or press ? or * to list all spells.
Aiming: Magic Dart
Press: ? - help, Shift-Dir - straight line, f - jelly
Aim: a jelly The magic dart hits the jelly.
The jelly is lightly wounded.
The jelly hits you.
* * * LOW HITPOINT WARNING * * *
You are splashed with acid!
The acid burns!
You die...

#..........(((.............#.
#....)......)).............#.
#..........................'.
##...##...####.##...###..###*
#######...###################
#.....#........[<............
#.....#......................
#.....#......................
#.....#.....@J.....).....>...
##....#..............).......
#...#..#'#######'######[####
########.##...##...####.####
#.....................
#.....................
#.....................
#.....................
##.##...##..##'####.##


You could see a jelly.

Vanquished Creatures
  Pikel (D:5)
  Duvessa (D:6)
  2 slaves
  4 ogres
  2 phantoms (D:5)
  A centaur (D:6)
  A giant frog (D:6)
  Dowan (D:7)
  2 scorpions
  A howler monkey (D:5)
  A crimson imp (D:6)
  An orc priest (D:3)
  2 hounds (D:5)
  A gnoll shaman (D:6)
  A giant frog skeleton (D:4)
  6 worker ants
  A hound skeleton (D:6)
  4 worker ant zombies
  Robin (D:4)
  8 gnolls
  A howler monkey skeleton (D:5)
  8 adders
  3 shadow imps
  3 oozes
  An adder zombie (D:6)
  3 dart slugs
  3 worms
  5 giant geckos
  11 orcs
  9 bats
  4 giant cockroaches
  19 goblins
  7 hobgoblins
  10 jackals
  2 quokkas
  2 ball pythons (D:5)
  A giant gecko zombie (D:5)
  A giant newt (D:1)
  5 kobolds
  4 rats
144 creatures vanquished.

Vanquished Creatures (others)
  An adder (D:2)
1 creature vanquished.

Grand Total: 145 creatures vanquished

Notes
Turn   | Place    | Note
--------------------------------------------------------------
     0 | D:1      | Kisielow the Deep Elf Conjurer began the quest for the Orb.
     0 | D:1      | Reached XP level 1. HP: 10/10 MP: 6/6
   155 | D:1      | Reached XP level 2. HP: 8/15 MP: 0/8
   298 | D:1      | Reached skill level 5 in Conjurations
   772 | D:2      | Reached XP level 3. HP: 18/19 MP: 5/9
   886 | D:2      | Learned a level 2 spell: Searing Ray
  1194 | D:2      | Found a radiant altar of Vehumet.
  1196 | D:2      | Reached skill level 6 in Conjurations
  1238 | D:2      | Became a worshipper of Vehumet
  1326 | D:2      | Reached XP level 4. HP: 24/24 MP: 4/10
  2303 | D:3      | Found a sparkling altar of Nemelex Xobeh.
  2381 | D:3      | Reached skill level 7 in Conjurations
  2381 | D:3      | Reached XP level 5. HP: 17/28 MP: 7/11
  2562 | D:3      | Learned a level 5 spell: Iskenderun's Battlesphere
  3279 | D:4      | Reached skill level 1 in Charms
  3338 | D:4      | Found a staircase to the Ecumenical Temple.
  3367 | D:4      | Noticed Robin
  3468 | D:4      | Killed Robin
  3634 | D:4      | Reached * piety under Vehumet
  3634 | D:4      | Offered knowledge of Sandblast by Vehumet.
  4248 | D:4      | Reached XP level 6. HP: 32/32 MP: 8/12
  4336 | D:5      | Entered Level 5 of the Dungeon
  4343 | Temple   | Entered the Ecumenical Temple
  4457 | Temple   | Gained mutation: You have a pair of small antennae on your head. [potion of mutation]
  4457 | Temple   | Gained mutation: You evolve. [potion of mutation]
  4457 | Temple   | Gained mutation: You expend magic power (3 MP) to strengthen your wands. [potion of mutation]
  4556 | D:5      | Reached skill level 8 in Conjurations
  4917 | D:5      | Reached skill level 9 in Conjurations
  4917 | D:5      | Reached XP level 7. HP: 36/36 MP: 3/13
  4972 | D:5      | Found Onoeluh's Food Shop.
  5154 | D:5      | Noticed Pikel
  5367 | D:5      | Lost mutation: You have a pair of small antennae on your head. [potion of cure mutation]
  5367 | D:5      | Lost mutation: You evolve. [potion of cure mutation]
  5367 | D:5      | Lost mutation: You expend magic power (3 MP) to strengthen your wands. [potion of cure mutation]
  5779 | D:5      | Reached skill level 10 in Conjurations
  6016 | D:5      | Offered knowledge of Throw Frost by Vehumet.
  6157 | D:5      | Killed Pikel
  6157 | D:5      | Reached ** piety under Vehumet
  6157 | D:5      | Reached skill level 11 in Conjurations
  6157 | D:5      | Reached skill level 5 in Charms
  6157 | D:5      | Reached XP level 8. HP: 37/41 MP: 3/14
  7503 | D:7      | Noticed Duvessa
  7503 | D:7      | Noticed Dowan
  7506 | D:7      | Killed Dowan
  7506 | D:7      | Reached XP level 9. HP: 45/45 MP: 8/17
  7522 | D:6      | Killed Duvessa
  7531 | D:6      | Splashed by a jelly's acid

Skill      XL: |  1  2  3  4  5  6  7  8 |
---------------+-------------------------+-----
Conjurations   | 5 6 7 9 11 | 11.9
Charms         | 2 3 5 7 |  7.4
Spellcasting   | 4 |  4.3
Fighting       | |  0.1
Dodging        | |  2.5
Stealth        | |  2.4

Action                   |  1- 3 |  4- 6 |  7- 9 || total
-------------------------+-------+-------+-------++-------
Melee: Dagger            |     2 |    18 |       ||    20
       Mace              |       |     1 |    23 ||    24
 Cast: Magic Dart        |    71 |   119 |   168 ||   358
       Searing Ray       |     1 |    11 |     4 ||    16
       Iskenderun's Batt |       |     1 |    14 ||    15
Evoke: Wand              |       |     1 |       ||     1
  Use: Scroll            |     7 |     8 |     4 ||    19
       Potion            |     1 |     3 |     4 ||     8
  Eat: Chunk             |     1 |    10 |     9 ||    20
       Fruit             |       |     1 |     3 ||     4
       Meat ration       |       |     1 |       ||     1
       Bread ration      |       |       |     1 ||     1
Armor: Robe              |     1 |     7 |    21 ||    29
Dodge: Dodged            |     7 |    45 |    59 ||   111
